TOP OF THE 1ST |
Clearwater Threshers batting - Pitching for Lake Elsinore Storm : LHP David Hernandel
|
Pitching: LHP David Hernandel
|
|
Batting: RHB Bobby Rolison
|
0-0: Ball 1-0: Foul Ball, location: 2F 1-1: Ball 2-1: Ball 3-1: Called Strike 3-2: Base on Balls
|
Batting: LHB Jose Torres
|
0-0: Foul Ball, location: 2F 0-1: Foul Ball, location: 2F 0-2: Fielders Choice at 2nd, 6-4 (Groundball, 6, EV 83.8 MPH)
|
Batting: SHB Isaiah Dixon
|
0-0: Ball 1-0: Ball 2-0: Called Strike 2-1: Ball 3-1: Base on Balls Jose Torres to second
|
Batting: RHB Hayden Williams
|
0-0: Called Strike 0-1: Ball 1-1: Swinging Strike 1-2: Strikes out swinging
|
Batting: LHB Dave Rodriguez
|
0-0: Ground out 3-1 (Groundball, 34, EV 86.3 MPH)
|
Top of the 1st over - 0 runs, 0 hits, 0 errors, 2 left on base; Clearwater 0 - Lake Elsinore 0 |
BOTTOM OF THE 1ST |
Lake Elsinore Storm batting - Pitching for Clearwater Threshers : RHP Tony Botello
|
Pitching: RHP Tony Botello
|
|
Batting: RHB Mark Cholagh
|
0-0: Swinging Strike 0-1: Ball 1-1: Foul Ball, location: 2F 1-2: Ground out 6-3 (Groundball, 56D, EV 78.1 MPH)
|
Batting: RHB Nick Krohn
|
0-0: Ball 1-0: Ground out 6-3 (Groundball, 6, EV 101.3 MPH)
|
Batting: RHB Alois Wollf
|
0-0: Called Strike 0-1: Ball 1-1: Ball 2-1: SINGLE (Line Drive, 5D, EV 99.4 MPH)
|
Batting: RHB Travis Fish
|
0-0: Called Strike Alois Wollf steals 2nd base 0-1: Ball 1-1: 2-RUN HOME RUN (Flyball, 78XD, EV 98.1 MPH), Distance : 450 ft
|
Batting: RHB Arnout Schavemaker
|
0-0: Ball 1-0: Ball 2-0: Ball 3-0: Called Strike 3-1: Called Strike 3-2: Foul Ball, location: 2F 3-2: Strikes out swinging
|
Bottom of the 1st over - 2 runs, 2 hits, 0 errors, 0 left on base; Clearwater 0 - Lake Elsinore 2 |
TOP OF THE 2ND |
Clearwater Threshers batting - Pitching for Lake Elsinore Storm : LHP David Hernandel
|
Batting: SHB Robby Meza
|
0-0: Ground out 6-3 (Groundball, 6, EV 78.8 MPH)
|
Batting: RHB Arnaud Christophe
|
0-0: Hit by Pitch
|
Batting: LHB Ignacio Bernal
|
0-0: Ball 1-0: Ball 2-0: Foul Ball, location: 2F 2-1: Swinging Strike 2-2: Foul Ball, location: 2F 2-2: SINGLE (Line Drive, 89S, EV 96.3 MPH) Arnaud Christophe to second
|
Batting: LHB Tony Botello
|
0-0: Ball 1-0: Foul Ball, location: 2F 1-1: Foul Ball, location: 2F 1-2: Ball 2-2: Ball 3-2: SINGLE (Flyball, 8LS, EV 93.8 MPH) Arnaud Christophe to third Ignacio Bernal to second Runner from 3rd tries for Home, SAFE, throw by CF to home Ignacio Bernal to third Tony Botello to second
|
Batting: RHB Bobby Rolison
|
0-0: Ball 1-0: 3-RUN HOME RUN (Flyball, 78XD, EV 98.8 MPH), Distance : 424 ft
|
Batting: LHB Jose Torres
|
0-0: Called Strike 0-1: Foul Ball, location: 2F 0-2: Ball 1-2: Strikes out swinging
|
Batting: SHB Isaiah Dixon
|
0-0: Called Strike 0-1: Ball 1-1: Foul Ball, location: 2F 1-2: Foul Ball, location: 2F 1-2: Strikes out swinging
|
Top of the 2nd over - 4 runs, 3 hits, 0 errors, 0 left on base; Clearwater 4 - Lake Elsinore 2 |
BOTTOM OF THE 2ND |
Lake Elsinore Storm batting - Pitching for Clearwater Threshers : RHP Tony Botello
|
Batting: RHB Matt Berkley
|
0-0: Ball 1-0: Called Strike 1-1: Foul Ball, location: 2F 1-2: Fly out, F9 (Flyball, 9S, EV 94.4 MPH)
|
Batting: LHB Lorenzo Segala
|
0-0: Called Strike 0-1: Fly out, F4 (Popup, 4, EV 62.5 MPH)
|
Batting: SHB Daniel Antigua
|
0-0: Swinging Strike 0-1: Ball 1-1: Ball 2-1: Ball 3-1: Foul Ball, location: 2F 3-2: Foul Ball, location: 2F 3-2: Base on Balls
|
Batting: RHB David Hernandel
|
0-0: Ball 1-0: Called Strike 1-1: Ball 2-1: Swinging Strike 2-2: Ground out 4-3 (Groundball, 34, EV 81.9 MPH)
|
Bottom of the 2nd over - 0 runs, 0 hits, 0 errors, 1 left on base; Clearwater 4 - Lake Elsinore 2 |
TOP OF THE 3RD |
Clearwater Threshers batting - Pitching for Lake Elsinore Storm : LHP David Hernandel
|
Batting: RHB Hayden Williams
|
0-0: Foul Ball, location: 2F 0-1: Ball 1-1: Swinging Strike 1-2: Ball 2-2: Strikes out swinging
|
Batting: LHB Dave Rodriguez
|
0-0: Ball 1-0: Foul Ball, location: 2F 1-1: Ball 2-1: Ball 3-1: Ground out 4-3 (Groundball, 34D, EV 101.3 MPH)
|
Batting: SHB Robby Meza
|
0-0: Ball 1-0: Ball 2-0: Called Strike 2-1: Foul Ball, location: 2F 2-2: Ball 3-2: Base on Balls
|
Batting: RHB Arnaud Christophe
|
0-0: Called Strike 0-1: Ball 1-1: Ball 2-1: Called Strike 2-2: Foul Ball, location: 2F 2-2: Foul Ball, location: 2F 2-2: Foul Ball, location: 2F 2-2: Strikes out swinging
|
Top of the 3rd over - 0 runs, 0 hits, 0 errors, 1 left on base; Clearwater 4 - Lake Elsinore 2 |
BOTTOM OF THE 3RD |
Lake Elsinore Storm batting - Pitching for Clearwater Threshers : RHP Tony Botello
|
Batting: RHB Mark Cholagh
|
0-0: Ball 1-0: Called Strike 1-1: Foul Ball, location: 2F 1-2: Ball 2-2: Ball 3-2: Fly out, F9 (Flyball, 89M, EV 90.6 MPH)
|
Batting: RHB Nick Krohn
|
0-0: Ground out 6-3 (Groundball, 6S, EV 89.4 MPH)
|
Batting: RHB Alois Wollf
|
0-0: Ball 1-0: Ball 2-0: Called Strike 2-1: Ball 3-1: Ground out 4-3 (Groundball, 4S, EV 69.4 MPH)
|
Bottom of the 3rd over - 0 runs, 0 hits, 0 errors, 0 left on base; Clearwater 4 - Lake Elsinore 2 |
TOP OF THE 4TH |
Clearwater Threshers batting - Pitching for Lake Elsinore Storm : LHP David Hernandel
|
Batting: LHB Ignacio Bernal
|
0-0: Swinging Strike 0-1: Swinging Strike 0-2: Foul Ball, location: 2F 0-2: Foul Ball, location: 2F 0-2: Ball 1-2: Ball 2-2: Strikes out swinging
|
Batting: LHB Tony Botello
|
0-0: Called Strike 0-1: Called Strike 0-2: Ball 1-2: Ball 2-2: Foul Ball, location: 2F 2-2: Ball 3-2: Foul Ball, location: 2F 3-2: Foul Ball, location: 2F 3-2: Strikes out swinging
|
Batting: RHB Bobby Rolison
|
0-0: Ball 1-0: Ball 2-0: Ball 3-0: Called Strike 3-1: Base on Balls
|
Batting: LHB Jose Torres
|
0-0: Foul Ball, location: 2F 0-1: Ball 1-1: Ball 2-1: Foul Ball, location: 2F 2-2: Fly out, F4 (Flyball, 34D, EV 84.4 MPH)
|
Top of the 4th over - 0 runs, 0 hits, 0 errors, 1 left on base; Clearwater 4 - Lake Elsinore 2 |
BOTTOM OF THE 4TH |
Lake Elsinore Storm batting - Pitching for Clearwater Threshers : RHP Tony Botello
|
Batting: RHB Travis Fish
|
0-0: Ball 1-0: Fly out, F8 (Flyball, 8RD, EV 102.5 MPH)
|
Batting: RHB Arnout Schavemaker
|
0-0: Called Strike 0-1: Ball 1-1: Foul Ball, location: 2F 1-2: Ball 2-2: Fly out, F4 (Popup, 13, EV 81.3 MPH)
|
Batting: RHB Matt Berkley
|
0-0: Ball 1-0: Ball 2-0: Ground out 4-3 (Groundball, P, EV 82.5 MPH)
|
Bottom of the 4th over - 0 runs, 0 hits, 0 errors, 0 left on base; Clearwater 4 - Lake Elsinore 2 |
TOP OF THE 5TH |
Clearwater Threshers batting - Pitching for Lake Elsinore Storm : LHP David Hernandel
|
Pitching: RHP Antonio Cisneros
|
|
Batting: SHB Isaiah Dixon
|
0-0: Called Strike 0-1: Ball 1-1: Swinging Strike 1-2: Ball 2-2: Ball 3-2: Fly out, F5 (Popup, 5, EV 80.0 MPH)
|
Batting: RHB Hayden Williams
|
0-0: Called Strike 0-1: Foul Ball, location: 2F 0-2: Strikes out looking
|
Batting: LHB Dave Rodriguez
|
0-0: Called Strike 0-1: Ball 1-1: Swinging Strike 1-2: Ball 2-2: Ball 3-2: Foul Ball, location: 2F 3-2: Ground out 6-3 (Groundball, 4M, EV 82.5 MPH)
|
Top of the 5th over - 0 runs, 0 hits, 0 errors, 0 left on base; Clearwater 4 - Lake Elsinore 2 |
BOTTOM OF THE 5TH |
Lake Elsinore Storm batting - Pitching for Clearwater Threshers : RHP Tony Botello
|
Batting: LHB Lorenzo Segala
|
0-0: Ball 1-0: Ball 2-0: Ground out 3-1 (Groundball, 34, EV 87.5 MPH)
|
Batting: SHB Daniel Antigua
|
0-0: Reached on error, E4 (Groundball, 4, EV 78.1 MPH)
|
Batting: RHB Antonio Cisneros
|
0-0: Ball 1-0: Ball 2-0: Ball 3-0: Ground out 6-3 (Groundball, 6, EV 85.6 MPH)
|
Batting: RHB Mark Cholagh
|
0-0: Ground out 6-3 (Groundball, 6M, EV 85.6 MPH)
|
Bottom of the 5th over - 0 runs, 0 hits, 1 error, 1 left on base; Clearwater 4 - Lake Elsinore 2 |
TOP OF THE 6TH |
Clearwater Threshers batting - Pitching for Lake Elsinore Storm : RHP Antonio Cisneros
|
Batting: SHB Robby Meza
|
0-0: Called Strike 0-1: Ground out 3-1 (Groundball, 34, EV 83.8 MPH)
|
Batting: RHB Arnaud Christophe
|
0-0: Ball 1-0: Called Strike 1-1: Foul Ball, location: 2F 1-2: Strikes out looking
|
Batting: LHB Ignacio Bernal
|
0-0: Ball 1-0: Swinging Strike 1-1: TRIPLE (Flyball, 78XD, EV 93.8 MPH)
|
Pitching: RHP Larry Tubbs
|
|
Batting: LHB Tony Botello
|
0-0: Called Strike 0-1: Ball 1-1: Ball 2-1: Ground out 3-1 (Groundball, 34, EV 86.9 MPH)
|
Top of the 6th over - 0 runs, 1 hit, 0 errors, 1 left on base; Clearwater 4 - Lake Elsinore 2 |
BOTTOM OF THE 6TH |
Lake Elsinore Storm batting - Pitching for Clearwater Threshers : RHP Tony Botello
|
Batting: RHB Nick Krohn
|
0-0: Ball 1-0: Called Strike 1-1: Ball 2-1: Swinging Strike 2-2: Ground out 5-3 (Groundball, 56, EV 85.0 MPH)
|
Batting: RHB Alois Wollf
|
0-0: Ball 1-0: Swinging Strike 1-1: Swinging Strike 1-2: Foul Ball, location: 2F 1-2: Strikes out swinging
|
Batting: RHB Travis Fish
|
0-0: Ball 1-0: Ball 2-0: Ball 3-0: Foul Ball, location: 2F 3-1: Ground out 5-3 (Groundball, 56S, EV 74.4 MPH)
|
Bottom of the 6th over - 0 runs, 0 hits, 0 errors, 0 left on base; Clearwater 4 - Lake Elsinore 2 |
TOP OF THE 7TH |
Clearwater Threshers batting - Pitching for Lake Elsinore Storm : RHP Larry Tubbs
|
Batting: RHB Bobby Rolison
|
0-0: Foul Ball, location: 2F 0-1: Foul Ball, location: 2F 0-2: Strikes out swinging
|
Batting: LHB Jose Torres
|
0-0: Ball 1-0: Ball 2-0: Ball 3-0: Called Strike 3-1: Base on Balls
|
Batting: SHB Isaiah Dixon
|
0-0: Ball Jose Torres is caught stealing 2nd base 2-6 1-0: Called Strike 1-1: Ball 2-1: Called Strike 2-2: Strikes out swinging
|
Top of the 7th over - 0 runs, 0 hits, 0 errors, 0 left on base; Clearwater 4 - Lake Elsinore 2 |
BOTTOM OF THE 7TH |
Lake Elsinore Storm batting - Pitching for Clearwater Threshers : RHP Tony Botello
|
Pitching: LHP Jesus Zapata
|
|
Batting: RHB Arnout Schavemaker
|
0-0: Foul Ball, location: 2F 0-1: Fly out, F9 (Flyball, 9D, EV 78.1 MPH)
|
Pitching: RHP Arturo Gomez
|
|
Batting: RHB Matt Berkley
|
0-0: Ball 1-0: Ball 2-0: Reached on error, E5 (Groundball, 56, EV 103.1 MPH)
|
Pitching: RHP Armando Avila
|
|
Batting: LHB Lorenzo Segala
|
0-0: Called Strike 0-1: Called Strike 0-2: Ball 1-2: Ball 2-2: Ball 3-2: Base on Balls
|
Batting: SHB Daniel Antigua
|
0-0: Called Strike 0-1: Ball 1-1: Foul Ball, location: 2F 1-2: SINGLE (Line Drive, 4MD, EV 95.6 MPH) Matt Berkley to third Lorenzo Segala to second Runner from 3rd tries for Home, SAFE, throw by CF to home
|
Pinch Hitting: RHB Jose Yanez
|
0-0: Swinging Strike 0-1: Fly out, F7 (Line Drive, 7, EV 92.5 MPH)
|
Batting: RHB Mark Cholagh
|
0-0: Ball 1-0: Swinging Strike 1-1: Swinging Strike 1-2: Strikes out looking
|
Bottom of the 7th over - 1 run, 1 hit, 1 error, 2 left on base; Clearwater 4 - Lake Elsinore 3 |
TOP OF THE 8TH |
Clearwater Threshers batting - Pitching for Lake Elsinore Storm : RHP Larry Tubbs
|
Pitching: RHP Humberto Gutierrez
|
|
Batting: RHB Hayden Williams
|
0-0: Ball 1-0: Ball 2-0: Called Strike 2-1: Ball 3-1: Called Strike 3-2: Strikes out swinging
|
Batting: LHB Dave Rodriguez
|
0-0: Called Strike 0-1: Ball 1-1: Ball 2-1: Ball 3-1: Base on Balls
|
Batting: SHB Robby Meza
|
0-0: Foul Ball, location: 2F 0-1: Ball 1-1: Called Strike Dave Rodriguez steals 2nd base 1-2: Ground out 4-3 (Groundball, 4M, EV 91.9 MPH) Dave Rodriguez to third
|
Batting: RHB Arnaud Christophe
|
0-0: Called Strike 0-1: Ball 1-1: Foul Ball, location: 2F 1-2: Strikes out looking
|
Top of the 8th over - 0 runs, 0 hits, 0 errors, 1 left on base; Clearwater 4 - Lake Elsinore 3 |
BOTTOM OF THE 8TH |
Lake Elsinore Storm batting - Pitching for Clearwater Threshers : RHP Armando Avila
|
Batting: RHB Nick Krohn
|
0-0: DOUBLE (Flyball, 89XD, EV 103.1 MPH)
|
Pitching: RHP Jesus Contreras
|
|
Batting: RHB Alois Wollf
|
0-0: Ball 1-0: Ball 2-0: Swinging Strike 2-1: Ball 3-1: Foul Ball, location: 2F 3-2: Base on Balls
|
Batting: RHB Travis Fish
|
0-0: Fielders Choice at 2nd, 6-4 (Groundball, 6, EV 101.3 MPH) Nick Krohn to third
|
Batting: RHB Arnout Schavemaker
|
0-0: Ball 1-0: Ball 2-0: Ball 3-0: Swinging Strike 3-1: Foul Ball, location: 2F 3-2: Foul Ball, location: 2F 3-2: Foul Ball, location: 2F 3-2: Foul Ball, location: 2F 3-2: Strikes out swinging
|
Batting: RHB Matt Berkley
|
0-0: Ball 1-0: SINGLE (Groundball, 4D, EV 97.5 MPH) Nick Krohn scores Travis Fish to second Runner from 2nd tries for 3rd, OUT! 8-5
|
Bottom of the 8th over - 1 run, 2 hits, 0 errors, 1 left on base; Clearwater 4 - Lake Elsinore 4 |
TOP OF THE 9TH |
Clearwater Threshers batting - Pitching for Lake Elsinore Storm : RHP Humberto Gutierrez
|
Pinch Hitting: SHB Joe Lightell
|
0-0: Ball 1-0: Foul Ball, location: 2F 1-1: Called Strike 1-2: Strikes out swinging
|
Pinch Hitting: RHB Steve Olenski
|
0-0: Ball 1-0: Ball 2-0: Ground out 5-3 (Groundball, 5L, EV 91.9 MPH)
|
Pitching: RHP Isidro Aguirre
|
|
Now at C: Mick Corrigan
|
|
Batting: RHB Bobby Rolison
|
0-0: Ball 1-0: Swinging Strike 1-1: Ball 2-1: Ball 3-1: Swinging Strike 3-2: Base on Balls
|
Batting: LHB Jose Torres
|
0-0: Swinging Strike 0-1: Foul Ball, location: 2F 0-2: Foul Ball, location: 2F 0-2: Ball 1-2: Foul Ball, location: 2F 1-2: Strikes out looking
|
Top of the 9th over - 0 runs, 0 hits, 0 errors, 1 left on base; Clearwater 4 - Lake Elsinore 4 |
BOTTOM OF THE 9TH |
Lake Elsinore Storm batting - Pitching for Clearwater Threshers : RHP Jesus Contreras
|
Pitching: RHP Jim Belan
|
|
Now in CF: Joe Lightell
|
|
Batting: LHB Lorenzo Segala
|
0-0: Ball 1-0: Ball 2-0: Called Strike 2-1: Foul Ball, location: 2F 2-2: Ball 3-2: Strikes out swinging
|
Batting: SHB Daniel Antigua
|
0-0: Ball 1-0: Foul Ball, location: 2F 1-1: Foul Ball, location: 2F 1-2: Ground out 6-3 (Groundball, 6, EV 103.8 MPH)
|
Batting: RHB Mick Corrigan
|
0-0: Called Strike 0-1: Ball 1-1: Called Strike 1-2: Strikes out looking
|
Bottom of the 9th over - 0 runs, 0 hits, 0 errors, 0 left on base; Clearwater 4 - Lake Elsinore 4 |
TOP OF THE 10TH |
Clearwater Threshers batting - Pitching for Lake Elsinore Storm : RHP Isidro Aguirre
|
Batting: SHB Isaiah Dixon
|
0-0: SINGLE (Line Drive, 6M, EV 101.3 MPH)
|
Batting: RHB Hayden Williams
|
0-0: Ball 1-0: Foul Ball, location: 2F 1-1: Called Strike 1-2: Strikes out swinging
|
Batting: LHB Dave Rodriguez
|
0-0: Ball 1-0: Ball 2-0: Ball 3-0: Called Strike 3-1: Base on Balls Isaiah Dixon to second
|
Batting: SHB Robby Meza
|
0-0: Called Strike 0-1: Fielders Choice at 2nd, 4-6 (Groundball, 4M, EV 82.5 MPH) Isaiah Dixon to third
|
Pinch Hitting: LHB Andres Navarro
|
0-0: Ball 1-0: Swinging Strike 1-1: Foul Ball, location: 2F 1-2: Ball 2-2: Strikes out swinging
|
Top of the 10th over - 0 runs, 1 hit, 0 errors, 2 left on base; Clearwater 4 - Lake Elsinore 4 |
BOTTOM OF THE 10TH |
Lake Elsinore Storm batting - Pitching for Clearwater Threshers : RHP Jim Belan
|
Pitching: RHP Roberto Montoya
|
|
Now at C: Fernando Hernandez
|
|
Batting: RHB Mark Cholagh
|
0-0: Ball 1-0: Ball 2-0: Foul Ball, location: 2F 2-1: Called Strike 2-2: SINGLE (Flyball, 9S, EV 88.1 MPH)
|
Pinch Hitting: LHB Keith MacDormond
|
0-0: Called Strike 0-1: Swinging Strike 0-2: Ball 1-2: Ball 2-2: Grounds into double play, 4-6-3 (Groundball, 34, EV 101.3 MPH)
|
Batting: RHB Alois Wollf
|
0-0: Called Strike 0-1: Ground out 5-3 (Groundball, 56, EV 86.9 MPH)
|
Bottom of the 10th over - 0 runs, 1 hit, 0 errors, 0 left on base; Clearwater 4 - Lake Elsinore 4 |
TOP OF THE 11TH |
Clearwater Threshers batting - Pitching for Lake Elsinore Storm : RHP Isidro Aguirre
|
Pitching: RHP Chris Bedard
|
|
Now in LF: Jake O'Neil
|
|
Batting: SHB Joe Lightell
|
0-0: Called Strike 0-1: Swinging Strike 0-2: Strikes out swinging, 2-3 out at first.
|
Batting: LHB Fernando Hernandez
|
0-0: Called Strike 0-1: Reached on error, E1 (Groundball, 34S, EV 66.3 MPH)
|
Batting: RHB Bobby Rolison
|
0-0: Ground out 5-3 (Groundball, 56S, EV 63.8 MPH) Fernando Hernandez to second
|
Batting: LHB Jose Torres
|
0-0: Called Strike 0-1: Foul Ball, location: 2F 0-2: Strikes out looking
|
Top of the 11th over - 0 runs, 0 hits, 1 error, 1 left on base; Clearwater 4 - Lake Elsinore 4 |
BOTTOM OF THE 11TH |
Lake Elsinore Storm batting - Pitching for Clearwater Threshers : RHP Roberto Montoya
|
Batting: RHB Travis Fish
|
0-0: Hit by Pitch
|
Batting: RHB Arnout Schavemaker
|
0-0: Called Strike 0-1: Called Strike 0-2: Ball 1-2: Ball 2-2: Ball 3-2: Base on Balls Travis Fish to second
|
Batting: RHB Jake O'Neil
|
0-0: Foul Ball, location: 2F 0-1: Ball 1-1: Ball 2-1: Swinging Strike 2-2: Foul Ball, location: 2F 2-2: Ball 3-2: Grounds into double play, 6-4-3 (Groundball, 56, EV 88.8 MPH) Travis Fish to third
|
Batting: LHB Lorenzo Segala
|
0-0: Ball 1-0: Fly out, F9 (Line Drive, 9D, EV 91.3 MPH)
|
Bottom of the 11th over - 0 runs, 0 hits, 0 errors, 1 left on base; Clearwater 4 - Lake Elsinore 4 |
TOP OF THE 12TH |
Clearwater Threshers batting - Pitching for Lake Elsinore Storm : RHP Chris Bedard
|
Batting: SHB Isaiah Dixon
|
0-0: Swinging Strike 0-1: Foul Ball, location: 2F 0-2: Ball 1-2: Ball 2-2: Ball 3-2: Foul Ball, location: 2F 3-2: Foul Ball, location: 2F 3-2: DOUBLE (Line Drive, 9LS, EV 92.5 MPH)
|
Batting: RHB Hayden Williams
|
0-0: Called Strike 0-1: Ball 1-1: Foul Ball, location: 2F 1-2: Foul Ball, location: 2F 1-2: Fly out, F7 (Flyball, 7LM, EV 99.4 MPH)
|
Batting: LHB Dave Rodriguez
|
0-0: Foul Ball, location: 2F 0-1: Ball 1-1: Foul Ball, location: 2F 1-2: Ball 2-2: Ball 3-2: Strikes out swinging
|
Batting: SHB Robby Meza
|
0-0: Foul Ball, location: 2F 0-1: Foul Ball, location: 2F 0-2: Ball 1-2: Strikes out swinging
|
Top of the 12th over - 0 runs, 1 hit, 0 errors, 1 left on base; Clearwater 4 - Lake Elsinore 4 |
BOTTOM OF THE 12TH |
Lake Elsinore Storm batting - Pitching for Clearwater Threshers : RHP Roberto Montoya
|
Pitching: LHP D.J. Hallmark
|
|
Batting: SHB Daniel Antigua
|
0-0: Swinging Strike 0-1: Called Strike 0-2: Strikes out looking
|
Batting: RHB Mick Corrigan
|
0-0: Called Strike 0-1: Ball 1-1: Foul Ball, location: 2F 1-2: Fly out, F9 (Line Drive, 9D, EV 104.4 MPH)
|
Batting: RHB Mark Cholagh
|
0-0: Ball 1-0: Ball 2-0: Ball 3-0: Called Strike 3-1: SINGLE (Line Drive, 9S, EV 105.6 MPH)
|
Pinch Hitting: LHB Giovannino Galliano
|
0-0: Foul Ball, location: 2F 0-1: Ball 1-1: SINGLE (Groundball, 56S, EV 90.6 MPH) (infield hit) Mark Cholagh to second
|
Batting: RHB Alois Wollf
|
0-0: Ball 1-0: Ball 2-0: Called Strike 2-1: Foul Ball, location: 2F 2-2: Ball 3-2: Foul Ball, location: 2F 3-2: Foul Ball, location: 2F 3-2: Foul Ball, location: 2F 3-2: Foul Ball, location: 2F 3-2: Base on Balls Mark Cholagh to third Giovannino Galliano to second
|
Batting: RHB Travis Fish
|
0-0: Ball 1-0: Ball 2-0: Called Strike 2-1: Fielders Choice at 2nd, 6-4 (Groundball, 6, EV 91.9 MPH)
|
Bottom of the 12th over - 0 runs, 2 hits, 0 errors, 3 left on base; Clearwater 4 - Lake Elsinore 4 |
TOP OF THE 13TH |
Clearwater Threshers batting - Pitching for Lake Elsinore Storm : RHP Chris Bedard
|
Pitching: LHP Danny Valerio
|
|
Batting: LHB D.J. Hallmark
|
0-0: Ball 1-0: Foul Ball, location: 2F 1-1: Called Strike 1-2: Ball 2-2: Strikes out swinging
|
Batting: SHB Joe Lightell
|
0-0: Foul Ball, location: 2F 0-1: Called Strike 0-2: Ball 1-2: Ball 2-2: Ball 3-2: DOUBLE (Line Drive, 89D, EV 107.5 MPH)
|
Batting: LHB Fernando Hernandez
|
0-0: Ball 1-0: Ball 2-0: Ball 3-0: Base on Balls
|
Batting: RHB Bobby Rolison
|
0-0: Ball 1-0: Called Strike 1-1: Foul Ball, location: 2F 1-2: Foul Ball, location: 2F 1-2: Ball 2-2: Ground out 4-3 (Groundball, 34, EV 85.6 MPH) Joe Lightell to third Fernando Hernandez to second
|
Batting: LHB Jose Torres
|
0-0: Ball 1-0: Called Strike 1-1: DOUBLE (Flyball, 8LXD, EV 103.8 MPH) Joe Lightell scores Fernando Hernandez scores
|
Batting: SHB Isaiah Dixon
|
0-0: Ball 1-0: SINGLE (Line Drive, 89S, EV 92.5 MPH) Jose Torres to third
|
Batting: RHB Hayden Williams
|
0-0: Called Strike 0-1: Foul Ball, location: 2F 0-2: Foul Ball, location: 2F 0-2: Strikes out swinging
|
Top of the 13th over - 2 runs, 3 hits, 0 errors, 2 left on base; Clearwater 6 - Lake Elsinore 4 |
BOTTOM OF THE 13TH |
Lake Elsinore Storm batting - Pitching for Clearwater Threshers : LHP D.J. Hallmark
|
Batting: RHB Arnout Schavemaker
|
0-0: Foul Ball, location: 2F 0-1: Swinging Strike 0-2: Foul Ball, location: 2F 0-2: SINGLE (Groundball, 56D, EV 94.4 MPH)
|
Batting: RHB Jake O'Neil
|
0-0: Ball 1-0: Swinging Strike 1-1: Ball 2-1: Ball 3-1: Foul Ball, location: 2F 3-2: Fly out, F8 (Flyball, 8RD, EV 91.9 MPH)
|
Batting: LHB Lorenzo Segala
|
0-0: Ball 1-0: Called Strike 1-1: Ground out 6-3 (Groundball, 6M, EV 104.4 MPH) Arnout Schavemaker to second
|
Batting: SHB Daniel Antigua
|
0-0: DOUBLE (Groundball, 5L, EV 104.4 MPH) Arnout Schavemaker scores
|
Batting: RHB Mick Corrigan
|
0-0: Ball 1-0: Foul Ball, location: 2F 1-1: SINGLE (Groundball, 34D, EV 96.9 MPH) Daniel Antigua to third Runner from 3rd tries for Home, SAFE, throw by RF to home
|
Batting: RHB Mark Cholagh
|
0-0: Ball 1-0: SINGLE (Flyball, 8RS, EV 90.0 MPH) Mick Corrigan to second Runner from 2nd tries for 3rd, SAFE, throw by CF made to third
|
Pinch Hitting: SHB Javier Aviles
|
0-0: Fly out, F9 (Flyball, 9S, EV 86.3 MPH)
|
Bottom of the 13th over - 2 runs, 4 hits, 0 errors, 2 left on base; Clearwater 6 - Lake Elsinore 6 |
TOP OF THE 14TH |
Clearwater Threshers batting - Pitching for Lake Elsinore Storm : LHP Danny Valerio
|
Pitching: RHP Fernando Carrillo
|
|
Batting: LHB Dave Rodriguez
|
0-0: Ball 1-0: Called Strike 1-1: Ball 2-1: SINGLE (Groundball, 6MD, EV 103.1 MPH)
|
Batting: SHB Robby Meza
|
0-0: Ball 1-0: Ball 2-0: Swinging Strike 2-1: SINGLE (Line Drive, 6MD, EV 99.4 MPH) Dave Rodriguez to second Runner from 2nd tries for 3rd, SAFE, throw by CF made to third
|
Pinch Hitting: LHB Allan Lueckenhoff
|
0-0: Ball 1-0: Foul Ball, location: 2F 1-1: Ball 2-1: Foul Ball, location: 2F 2-2: Ball 3-2: Reached on error, E6 (Groundball, 6, EV 87.5 MPH) Dave Rodriguez scores Robby Meza to second
|
Batting: SHB Joe Lightell
|
0-0: Ball 1-0: Foul Ball, location: 2F 1-1: Swinging Strike 1-2: Ball 2-2: Fly out, F8 (Flyball, 8RD, EV 98.8 MPH)
|
Batting: LHB Fernando Hernandez
|
0-0: Ball 1-0: Ball 2-0: Ball 3-0: Base on Balls Robby Meza to third Allan Lueckenhoff to second
|
Batting: RHB Bobby Rolison
|
0-0: Called Strike 0-1: Ball 1-1: Ball 2-1: Ball 3-1: Base on Balls Robby Meza scores Allan Lueckenhoff to third Fernando Hernandez to second
|
Batting: LHB Jose Torres
|
0-0: Foul Ball, location: 2F 0-1: Ball 1-1: Ball Wild Pitch! Allan Lueckenhoff scores Fernando Hernandez to third Bobby Rolison to second 2-1: Ball 3-1: Base on Balls
|
Batting: SHB Isaiah Dixon
|
0-0: Ball 1-0: Ball 2-0: Ball 3-0: Called Strike 3-1: Called Strike 3-2: Base on Balls Fernando Hernandez scores Bobby Rolison to third Jose Torres to second
|
Batting: RHB Hayden Williams
|
0-0: Ball 1-0: Called Strike 1-1: Ball Wild Pitch! Bobby Rolison scores Jose Torres to third Isaiah Dixon to second 2-1: Ball 3-1: Base on Balls
|
Batting: LHB Dave Rodriguez
|
0-0: Ball 1-0: Ball 2-0: Ball 3-0: Base on Balls Jose Torres scores Isaiah Dixon to third Hayden Williams to second
|
Batting: SHB Robby Meza
|
0-0: Ball 1-0: DOUBLE (Groundball, 3L, EV 100.6 MPH) Isaiah Dixon scores Hayden Williams scores Dave Rodriguez to third
|
Pitching: RHP Paul Robertson
|
|
Batting: LHB Allan Lueckenhoff
|
0-0: Called Strike 0-1: Swinging Strike 0-2: Ball 1-2: Ball 2-2: Strikes out looking
|
Batting: SHB Joe Lightell
|
0-0: Called Strike 0-1: Ball 1-1: Ball 2-1: DOUBLE (Line Drive, 89D, EV 106.9 MPH) Dave Rodriguez scores Robby Meza scores
|
Batting: LHB Fernando Hernandez
|
0-0: Called Strike 0-1: Swinging Strike 0-2: Foul Ball, location: 2F 0-2: Ball 1-2: Ball 2-2: Strikes out swinging
|
Top of the 14th over - 10 runs, 4 hits, 1 error, 1 left on base; Clearwater 16 - Lake Elsinore 6 |
BOTTOM OF THE 14TH |
Lake Elsinore Storm batting - Pitching for Clearwater Threshers : LHP D.J. Hallmark
|
Pitching: RHP Chut-sai Mo
|
|
Batting: RHB Alois Wollf
|
0-0: Called Strike 0-1: Ball 1-1: Ball 2-1: Ball 3-1: SOLO HOME RUN (Flyball, 7LD, EV 98.8 MPH), Distance : 360 ft
|
Batting: RHB Travis Fish
|
0-0: Fly out, F3 (Popup, 34S, EV 80.0 MPH)
|
Batting: RHB Arnout Schavemaker
|
0-0: Ball 1-0: Ball 2-0: SINGLE (Line Drive, 9S, EV 90.6 MPH)
|
Batting: RHB Jake O'Neil
|
0-0: Called Strike 0-1: Ball 1-1: Ball 2-1: Ball 3-1: Called Strike 3-2: Foul Ball, location: 2F 3-2: SINGLE (Groundball, 56, EV 103.1 MPH) Arnout Schavemaker to second
|
Batting: LHB Lorenzo Segala
|
0-0: Ball 1-0: Ball 2-0: Foul Ball, location: 2F 2-1: Called Strike 2-2: Ball 3-2: Foul Ball, location: 2F 3-2: SINGLE (Groundball, 34D, EV 107.5 MPH) Arnout Schavemaker to third Jake O'Neil to second
|
Batting: SHB Daniel Antigua
|
0-0: Swinging Strike 0-1: Ball 1-1: Ball 2-1: Foul Ball, location: 2F 2-2: Strikes out swinging
|
Batting: RHB Mick Corrigan
|
0-0: GRAND SLAM HOME RUN (Flyball, 7D, EV 93.8 MPH), Distance : 396 ft
|
Batting: RHB Mark Cholagh
|
0-0: Called Strike 0-1: Ball 1-1: Called Strike 1-2: Strikes out swinging
|
Bottom of the 14th over - 5 runs, 5 hits, 0 errors, 0 left on base; Clearwater 16 - Lake Elsinore 11 |
|